 Dungeon Crawl Stone Soup version 0.31.0-11-ge490571c62 (console) character file.

Game seed: 7235440997759106165

9 Ignak the Magician (level 2, 0/20 HPs)
             Began as a Gnoll Hedge Wizard on Feb 8, 2024.
             Was a Follower of Makhleb.
             Slain by a hobgoblin (3 damage)
             ... on level 4 of the Dungeon.
             The game lasted 00:01:47 (812 turns).

Ignak the Magician (Gnoll Hedge Wizard)              Turns: 812, Time: 00:01:47

Health: 0/20       AC:  3    Str:  9    XL:     2   Next: 12%
Magic:  10/10      EV: 13    Int: 13    God:    Makhleb [*.....]
Gold:   86         SH:  0    Dex: 11    Spells: 9/15 levels left

rFire   . . .        h - +0 trident
rCold   . . .        (no shield)
rNeg    . . .        b - +0 robe
rPois   .            e - +0 helmet
rElec   .            (no cloak)
rCorr   .            (no gloves)
SInv    .            (no boots)
Will    .....        (no amulet)
Stlth   ++           (no ring)
HPRegen 0.23/turn    (no ring)
MPRegen 0.12/turn

%: no passive effects
@: no status effects
A: fangs 1, strong nose, distributed training
a: Renounce Religion


You were on level 4 of the Dungeon.
You worshipped Makhleb.
Makhleb was aware of your devotion.
You visited 1 branch of the dungeon, and saw 4 of its levels.

You collected 86 gold pieces.

Inventory:

Hand Weapons
 a - a +0 dagger
 g - a +0 hand axe
 h - a +0 trident (weapon)
Armour
 b - a +0 robe (worn)
 c - a +0 hat
 e - a +0 helmet (worn)
Scrolls
 i - 3 scrolls of teleportation {unknown}
 j - a scroll of poison {unknown}
 k - a scroll of immolation
Potions
 d - a potion of magic
 f - a potion of enlightenment {unknown}


   Skills:
 + Level 0.3 Fighting
 + Level 0.3 Short Blades
 + Level 0.3 Long Blades
 + Level 0.3 Axes
 + Level 0.3 Maces & Flails
 + Level 0.3 Polearms
 + Level 0.3 Staves
 + Level 0.3 Ranged Weapons
 + Level 0.3 Throwing
 + Level 0.3 Armour
 + Level 4.4 Dodging
 + Level 4.0 Stealth
 + Level 0.3 Shields
 + Level 0.3 Unarmed Combat
 + Level 7.1 Spellcasting
 + Level 2.0 Conjurations
 + Level 0.2 Hexes
 + Level 2.0 Summonings
 + Level 0.2 Necromancy
 + Level 2.0 Translocations
 + Level 0.2 Fire Magic
 + Level 0.2 Ice Magic
 + Level 0.2 Air Magic
 + Level 0.2 Earth Magic
 + Level 0.2 Alchemy
 + Level 0.4 Invocations
 + Level 0.3 Evocations
 + Level 0.2 Shapeshifting


You had 9 spell levels left.
You knew the following spells:

 Your Spells              Type           Power      Damage    Failure   Level
a - Magic Dart            Conj           36%        1d4       7%          1
b - Blink                 Tloc           18%        N/A       10%         2
e - Call Imp              Summ           18%        N/A       10%         2
f - Sting                 Conj/Alch      28%        1d4       10%         1

Your spell library contained the following spells:

 Spells                   Type           Power      Damage    Failure   Level
 Apportation              Tloc           18%        N/A       7%          1
 Summon Small Mammal      Summ           36%        N/A       7%          1
 Necrotise                Necr           20%        1d5       14%         1
 Slow                     Hex            20%        N/A       14%         1
 Cigotuvi's Dreadful Rot  Necr/Alch/Air  10%        N/A       21%         2
 Mephitic Cloud           Conj/Alch/Air  6%         N/A       32%         3


Dungeon Overview and Level Annotations

Branches:
Dungeon (4/15)
 Temple: D:4-7

Altars:
Makhleb

Annotations:
D:3 1 transporter


Innate Abilities, Weirdness & Mutations

You have very sharp teeth.
Your uncanny sense of smell can sniff out nearby items.
Your experience applies equally to all skills.


Message History

The hobgoblin misses you.
The giant cockroach completely misses you.
The giant cockroach bites you.
The hobgoblin hits you but does no damage.
The giant cockroach barely misses you. The hobgoblin misses you.
The giant cockroach closely misses you. The hobgoblin barely misses you.
The giant cockroach bites you. The hobgoblin misses you.
The giant cockroach bites you. The hobgoblin closely misses you.
The giant cockroach bites you. The giant cockroach misses you.
The hobgoblin closely misses you. The giant cockroach closely misses you.
The hobgoblin closely misses you. The giant cockroach closely misses you.
The hobgoblin barely misses you.
The giant cockroach bites you but does no damage.
The hobgoblin hits you. The giant cockroach barely misses you.
The hobgoblin hits you but does no damage.
The giant cockroach bites you but does no damage.
The giant cockroach closely misses you. The hobgoblin hits you.
The giant cockroach closely misses you. The hobgoblin closely misses you.
The giant cockroach bites you but does no damage.
The hobgoblin hits you. The giant cockroach closely misses you.
The hobgoblin closely misses you. The giant cockroach bites you.
* * * LOW HITPOINT WARNING * * *
The hobgoblin hits you.
* * * LOW HITPOINT WARNING * * *
The giant cockroach barely misses you. The giant cockroach barely misses you.
The hobgoblin barely misses you. The giant cockroach bites you.
* * * LOW HITPOINT WARNING * * *
The hobgoblin misses you. The giant cockroach barely misses you.
The hobgoblin closely misses you.
The giant cockroach bites you but does no damage.
The hobgoblin closely misses you. The giant cockroach closely misses you.
The hobgoblin barely misses you. The giant cockroach closely misses you.
The giant cockroach bites you but does no damage.
The hobgoblin completely misses you. The giant cockroach closely misses you.
The hobgoblin barely misses you. The giant cockroach closely misses you.
The hobgoblin hits you.
You die...

########
#.)..@g#
#..##B#.#
#.. ..#
#.#. .#.#
#.#. .#.#
. #. .# .
# #. .# #
+. .+


You could see a giant cockroach and a hobgoblin.

Vanquished Creatures
  A dart slug (D:1)
  An endoplasm (D:1)
  A hobgoblin (D:1)
  A kobold (D:1)
  3 ball pythons (D:1)
7 creatures vanquished.

Notes
Turn   | Place    | Note
-------+----------+-------------------------------------------
     0 | D:1      | Ignak the Gnoll Hedge Wizard began the quest for the Orb.
     0 | D:1      | Reached XP level 1. HP: 13/13 MP: 8/8
   226 | D:1      | Learned a level 1 spell: Sting
   317 | D:1      | Found a faded altar of an unknown god.
   321 | D:1      | Reached XP level 2. HP: 19/19 MP: 7/10
   324 | D:1      | Learned a level 2 spell: Blink
   327 | D:1      | Learned a level 2 spell: Call Imp
   343 | D:1      | Prayed at the altar of an unknown god.
   343 | D:1      | Became a worshipper of Makhleb the Destroyer
   343 | D:1      | Reached * piety under Makhleb
   779 | D:3      | Noticed an electric eel
   779 | D:3      | Found a transporter.
   812 | D:4      | Slain by a hobgoblin

Illustrated notes

Levels and vault maps discovered:
D:1:      lightli_molten_gateway, layout_basic,
          hellmonk_ecumenical_altar_blasted
D:2:      layout_loops_ring, uniq_jessica
D:3:      gammafunk_steamed_eel, layout_loops_cross, dk_yredelemnul_ordeal
D:4:      layout_rooms, nemelex_diamond_rough_becter, corexii_shack,
          interstate_on_off

Skill      XL: |  1 |
---------------+----+-----
Conjurations   | 2 |  2.0
Summonings     | 2 |  2.0
Translocations | 2 |  2.0
Fighting       | |  0.3
Short Blades   | |  0.3
Long Blades    | |  0.3
Axes           | |  0.3
Maces & Flails | |  0.3
Polearms       | |  0.3
Staves         | |  0.3
Ranged Weapons | |  0.3
Throwing       | |  0.3
Armour         | |  0.3
Dodging        | |  4.4
Stealth        | |  4.0
Shields        | |  0.3
Unarmed Combat | |  0.3
Spellcasting   | |  7.1
Hexes          | |  0.2
Necromancy     | |  0.2
Fire Magic     | |  0.2
Ice Magic      | |  0.2
Air Magic      | |  0.2
Earth Magic    | |  0.2
Alchemy        | |  0.2
Invocations    | |  0.4
Evocations     | |  0.3
Shapeshifting  | |  0.2

Action                     || total
---------------------------++-------
  Melee: Trident           ||     6
         Dagger            ||     1
         Bite              ||     1
   Cast: Magic Dart        ||     4
         Sting             ||     6
   Stab: Sleeping          ||     2
 Armour: Robe              ||    20
  Dodge: Dodged            ||    49
